 Dungeon Crawl Stone Soup version 0.27-a0-819-g058290f16d (webtiles) character file.

Game seed: 5157353053251179179

34 jiml777 the Digger (level 3, 0/19 HPs)
             Began as a Gargoyle Earth Elementalist on Mar 29, 2021.
             Slain by a hobgoblin (5 damage)
             ... on level 2 of the Dungeon.
             The game lasted 00:07:52 (1239 turns).

jiml777 the Digger (Gargoyle Earth Elementalist)    Turns: 1239, Time: 00:07:53

Health: 0/19       AC:  5    Str: 11    XL:     3   Next: 31%
Magic:  4/6        EV: 11    Int: 16    God:
Gold:   0          SH:  0    Dex: 10    Spells: 0/7 levels left

rFire    . . .     SeeInvis .   a - +1 mace (protect)
rCold    . . .     Faith    .   (no shield)
rNeg     + . .     Spirit   .   c - +0 robe
rPois    ∞         Reflect  .   (no helmet)
rElec    +         Harm     .   (no cloak)
rCorr    .         Rampage  .   (no gloves)
Will     .....                  (no boots)
Stlth    ++........             (no amulet)
HPRegen  0.06/turn              (no ring)
MPRegen  0.10/turn              (no ring)

@: no status effects
A: AC +3, negative energy resistance 1, electricity resistance, torment
resistance 1, unbreathing 1, petrification resistance
a: no special abilities


You were on level 2 of the Dungeon.
You visited 1 branch of the dungeon, and saw 2 of its levels.

Inventory:

Hand Weapons
 a - a +1 mace of protection (weapon)
Missiles
 b - 22 stones
Armour
 c - a +0 robe (worn)
Scrolls
 d - a scroll of identify {unknown}
 f - a scroll of teleportation {unknown}
 g - a scroll of noise {unknown}
Potions
 e - a potion of heal wounds {unknown}


   Skills:
 + Level 1.5 Dodging
 + Level 2.2 Stealth
 + Level 2.6 Spellcasting
 * Level 0.4 Conjurations
 + Level 0.7 Transmutations
 + Level 4.5 Earth Magic


You couldn't memorise any spells.
You knew the following spells:

 Your Spells              Type           Power      Damage    Failure   Level
a - Sandblast             Erth           32%        2d9       3%          1
b - Magic Dart            Conj           12%        1d3       16%         1
c - Passwall              Tmut/Erth      8%         N/A       10%         2
d - Stone Arrow           Conj/Erth      20%        3d8       22%         3

Your spell library contained the following spells:

 Spells                   Type           Power      Damage    Failure   Level
 Blink                    Tloc           N/A        N/A       30%         2
 Call Imp                 Summ           2%         N/A       30%         2
 Slow                     Hex            2%         N/A       30%         2
 Conjure Flame            Conj/Fire      2%         6-21      47%         3
 Mephitic Cloud           Conj/Pois/Air  2%         N/A       50%         3
 Petrify                  Tmut/Erth      10%        N/A       54%         4
 Lee's Rapid Deconstruct  Erth           8%         3d8*      63%         5


Dungeon Overview and Level Annotations

Branches:
Dungeon (2/15)

Altars:

Annotations:
D:2 Robin


Innate Abilities, Weirdness & Mutations

Your stone body is resilient. (AC +3)
You are immune to poison.
You resist negative energy. (rN+)
You are resistant to electric shocks. (rElec)
You are resistant to unholy torment.
You can survive without breathing.
You are immune to petrification.


Message History

Robin roars a battlecry!
You closely miss the giant cockroach.
The giant cockroach bites you but does no damage.
The giant cockroach misses you.
You closely miss the giant cockroach. The giant cockroach barely misses you.
The giant cockroach bites you but does no damage.
You hit the giant cockroach.
You kill the giant cockroach!
A kobold comes into view. It is wielding a +0 dagger.
You hit the hobgoblin.
The hobgoblin is moderately wounded.
The hobgoblin hits you but does no damage.
Robin roars a battlecry!
The goblins go into a battle-frenzy!
The hobgoblin hits you!
You closely miss Robin.
The hobgoblin hits you but does no damage.
Robin says, "My goblins will feast on your bones."
Robin hits you with a +0 falchion.
You completely miss Robin. Robin hits you with a +0 falchion.
* * * LOW HITPOINT WARNING * * *
The hobgoblin hits you but does no damage.
Casting: Sandblast (safe; 3% risk of failure)
Confirm with . or Enter, or press ? or * to list all spells.
Aiming: Sandblast (safe; 3% risk of failure)
Press: ? - help, Shift-Dir - straight line, f - Robin
Aim: Robin, wielding a +0 falchion, wearing a +2 animal skin and wearing a +2 helmet of see invisible (15% to evade)
The blast of sand hits Robin!
Robin is heavily wounded.
Robin hits you but does no damage.
Casting: Sandblast (safe; 3% risk of failure)
Confirm with . or Enter, or press ? or * to list all spells.
Aiming: Sandblast (safe; 3% risk of failure)
Press: ? - help, Shift-Dir - straight line, f/p - Robin
Aim: Robin, wielding a +0 falchion, wearing a +2 animal skin and wearing a +2 helmet of see invisible (heavily wounded, 15% to evade)
The blast of sand hits Robin but does no damage.
Robin is heavily wounded.
Robin points. "Kill!"
Robin closely misses you. The hobgoblin hits you.
You die...

### .... ##.## ...#
##<..## ...#
##.....########...#
#.................####
##.....########.......
#....## ####g..#
###.#.#######.#gg..#
#.............@#...#
##..#.#######g##g.g#
####.# #..#


g.gg. #.. ..... .gg.## #.# ###..#.##g.# #.# ##.#.# #g# #.. #.. . gg +. ### ##
You could see Robin, a hobgoblin (strong) and 2 goblins.

Vanquished Creatures
  2 dart slugs (D:1)
  2 endoplasms (D:1)
  2 giant cockroaches
  3 goblins
  4 hobgoblins
  3 jackals (D:1)
  2 kobolds (D:1)
  A ball python (D:1)
  2 bats (D:1)
  2 frilled lizards (D:1)
  3 rats (D:1)
26 creatures vanquished.

Notes
Turn   | Place    | Note
-------+----------+-------------------------------------------
     0 | D:1      | jiml777 the Gargoyle Earth Elementalist began the quest for
                  | the Orb.
     0 | D:1      | Reached XP level 1. HP: 10/10 MP: 3/3
   118 | D:1      | Reached skill level 4 in Earth Magic
   280 | D:1      | Reached XP level 2. HP: 15/15 MP: 0/5
   856 | D:1      | Reached XP level 3. HP: 13/19 MP: 2/6
  1206 | D:2      | Learned a level 1 spell: Magic Dart
  1209 | D:2      | Learned a level 2 spell: Passwall
  1213 | D:2      | Learned a level 3 spell: Stone Arrow
  1218 | D:2      | Noticed Robin
  1239 | D:2      | Slain by a hobgoblin

Illustrated notes

Levels and vault maps discovered:
D:1:      dpeg_arrival_renting, layout_rooms, st_stairs_9, minivault_14,
          amcnicky_mini_rare_corridor_liquid
D:2:      layout_loops_ring, kennysheep_cluttered_room, minmay_between,
          uniq_robin

Skill      XL: |  1 |
---------------+----+-----
Earth Magic    | 4 |  4.5
Dodging        | |  1.5
Stealth        | |  2.2
Spellcasting   | |  2.6
Conjurations   | |  0.4
Transmutations | |  0.7

Action                   || total
-------------------------++-------
Melee: Mace              ||    39
       Unarmed           ||     8
 Cast: Sandblast         ||    31
 Stab: Sleeping          ||     1
Armor: Robe              ||    35
Dodge: Dodged            ||    29

Table legend: (Time is in decaauts)
 A = Elapsed time spent in this place.
 B = Non-inter-level travel time spent in this place.
 C = Inter-level travel time spent in this place.
 D = Time resting spent in this place.
 E = Time spent auto-exploring this place.
 F = Levels seen in this place.
 G = Mean time per level.
                   A        B        C        D        E       F      G
               +--------+--------+--------+--------+--------+-----+--------+
         Total |   1253 |   1245 |      8 |    551 |    423 |   2 |  626.5 |
       Dungeon |   1253 |   1245 |      8 |    551 |    423 |   2 |  626.5 |
               +--------+--------+--------+--------+--------+-----+--------+

Top non-repeatable levels by time:
     D:1: 1198 daAuts
     D:2: 55 daAuts
